AoeStats
← EL LEON

Arabia

506928355Analyzed
3v3 RM · 17d ago on Sep 15, 2026· 32m 6s· 6 players
Game mode
Random Map
Map size
Normal (6 player)
Population
200
Speed
Normal
Resources
Standard
Victory
Conquest
Starting age
Dark Age
Ending age
Imperial Age
RankedLock teamsTeams togetherTeam positionsShared explorationLock speedFull tech treeHidden civsTurbo modeCheats
Victory
Defeat
🇦🇷 Dravidians · Argentina
1073
+16
🇦🇷 Franks · Argentina
1039
+18
🇨🇱 Byzantines · Chile
1032
+18
🇹🇷 Goths · Türkiye
1106
-19
🇹🇷 Magyars · Türkiye
1101
-18
🇹🇷 Britons · Türkiye
1018
-15
alexismdo1
4:58 Loom
11:55 Feudal Age
14:14 Double-Bit Axe
20:08 Wheelbarrow
25:32 Castle Age
23:29 Horse Collar
23:45 Gold Mining
23:46 Stone Mining
27:24 Hand Cart
27:23 Bow Saw
27:15 Heavy Plow
29:44 Stone Shaft Mining
30:55 Treadmill Crane
EL LEON
0:44 Loom
11:18 Feudal Age
11:27 Man-at-Arms
19:16 Castle Age
18:05 Arson
18:56 Double-Bit Axe
18:52 Horse Collar
19:12 Gold Mining
19:48 Long Swordsman
GonzaloMig
9:09 Loom
11:04 Feudal Age
15:53 Castle Age
13:48 Double-Bit Axe
20:23 Husbandry
21:34 Scale Barding Armor
22:36 Chain Barding Armor
29:10 Man-at-Arms
mmesut60
5:25 Loom
14:32 Feudal Age
15:00 Horse Collar
15:09 Double-Bit Axe
17:14 Wheelbarrow
18:12 Man-at-Arms
21:24 Forging
25:58 Castle Age
26:13 Pikeman
28:37 Padded Archer Armor
31:08 Iron Casting
32:12 Hand Cart
Ryanbabel
11:01 Feudal Age
13:20 Loom
16:52 Man-at-Arms
22:25 Castle Age
20:45 Double-Bit Axe
21:04 Horse Collar
22:31 Long Swordsman
23:22 Crossbowman
24:54 Fletching
29:01 Bow Saw
SULTAN IV. BASAROGLU
10:13 Feudal Age
9:52 Loom
15:27 Double-Bit Axe
19:50 Castle Age
19:52 Bloodlines
19:41 Horse Collar
Connection lost

Rejoining the realm…

Still unreachable

The connection could not be restored.

Session expired

The server has moved on; the page needs a fresh start.